 Dungeon Crawl Stone Soup version 0.29.1-12-g30fa7ad0bf (webtiles) character file.

Game seed: 3752806007141277101

12 112233 the Conjurer (level 2, -4/15 HPs)
             Began as a Deep Elf Conjurer on Dec 18, 2022.
             Slain by a scorpion (5 damage)
             ... on level 2 of the Dungeon.
             The game lasted 00:00:21 (906 turns).

112233 the Conjurer (Deep Elf Conjurer)              Turns: 906, Time: 00:00:22

Health: -4/15      AC:  2    Str:  4    XL:     2   Next: 20%
Magic:  1/8        EV: 12    Int: 22    God:
Gold:   14         SH:  0    Dex: 13    Spells: 6/7 levels left

rFire   . . .      SeeInvis .   (no weapon)
rCold   . . .      Faith    .   (no shield)
rNeg    . . .      Spirit   .   a - +0 robe
rPois   .          Reflect  .   (no helmet)
rElec   .          Harm     .   (no cloak)
rCorr   .          Rampage  .   (no gloves)
Will    .....                   (no boots)
Stlth   ++........              (no amulet)
HPRegen 0.05/turn               (no ring)
MPRegen 0.11/turn               (no ring)

@: brilliant, lethally poisoned (-4 -> -10), flying
A: no striking features
a: no special abilities


You were on level 2 of the Dungeon.
You visited 1 branch of the dungeon, and saw 2 of its levels.

You collected 14 gold pieces.

Inventory:

Armour
 a - a +0 robe (worn)
Scrolls
 c - a scroll of enchant armour {unknown}
 g - a scroll of identify {unknown}
Potions
 b - a potion of magic
 f - a potion of mutation {unknown}


   Skills:
 + Level 2.7 Dodging
 + Level 2.8 Stealth
 + Level 3.2 Spellcasting
 + Level 4.5 Conjurations


You had 6 spell levels left.
You knew the following spells:

 Your Spells              Type           Power      Damage    Failure   Level
a - Magic Dart            Conj           100%       1d8       1%          1

Your spell library contained the following spells:

 Spells                   Type           Power      Damage    Failure   Level
 Searing Ray              Conj           70%        2d7       2%          2
 Summon Small Mammal      Summ           20%        N/A       12%         1
 Dazzling Flash           Conj/Hex       40%        N/A       14%         3
 Call Canine Familiar     Summ           5%         N/A       36%         3
 Summon Guardian Golem    Hex/Summ       5%         N/A       36%         3
 Fulminant Prism          Conj/Hex       10%        3d9       43%         4
 Iskenderun's Mystic Bla  Conj/Tloc      20%        2d6       43%         4


Dungeon Overview and Level Annotations

Branches:
Dungeon (2/15)

Altars:

Shops:
D:1 **(


Message History

Unknown command.
It was a potion of brilliance.
You feel clever all of a sudden. The scorpion stings you!
Unknown command.
Casting: Magic Dart (safe; 1% risk of failure)
Confirm with . or Enter, or press ? or * to list all spells.
Aiming: Magic Dart (safe; 1% risk of failure)
Press: ? - help, Shift-Dir - straight line, f/p - scorpion
Aim: a scorpion (moderately wounded, 100% to hit)
You feel a surge of power!
The magic dart hits the scorpion.
The scorpion is moderately wounded.
The scorpion barely misses you.
Casting: Magic Dart (safe; 1% risk of failure)
Confirm with . or Enter, or press ? or * to list all spells.
Aiming: Magic Dart (safe; 1% risk of failure)
Press: ? - help, Shift-Dir - straight line, f/p - scorpion
Aim: a scorpion (moderately wounded, 100% to hit)
You feel a surge of power!
The magic dart hits the scorpion but does no damage.
The scorpion is moderately wounded.
The scorpion stings you but does no damage.
The scorpion barely misses you.
Casting: Magic Dart (safe; 1% risk of failure)
Confirm with . or Enter, or press ? or * to list all spells.
Aiming: Magic Dart (safe; 1% risk of failure)
Press: ? - help, Shift-Dir - straight line, f/p - scorpion
Aim: a scorpion (moderately wounded, 100% to hit)
You feel a surge of power!
The magic dart hits the scorpion.
The scorpion is heavily wounded.
The scorpion stings you.
* * * LOW HITPOINT WARNING * * *
You are lethally poisoned!
The scorpion poisons you!
It was a potion of flight.
You feel very buoyant.
You fly up into the air.
* * * LOW HITPOINT WARNING * * *
You feel sick. The scorpion stings you.
You die...

..... #...#
#...# #...#
#...# #...#
#s..# ##@#
##
#.###.###>#
#......#†#
#.#####..#
##.# #.#
#.# #.# #.#


You could see a scorpion.

Vanquished Creatures
  A giant cockroach (D:2)
  2 hobgoblins (D:1)
  3 jackals (D:1)
  2 kobolds (D:1)
  A ball python (D:1)
  A bat (D:1)
10 creatures vanquished.

Notes
Turn   | Place    | Note
-------+----------+-------------------------------------------
     0 | D:1      | 112233 the Deep Elf Conjurer began the quest for the Orb.
     0 | D:1      | Reached XP level 1. HP: 10/10 MP: 6/6
    51 | D:1      | Found Kadabuz's Weapon Shop.
   112 | D:1      | Found Feareugi's Assorted Antiques.
   213 | D:1      | Reached XP level 2. HP: 15/15 MP: 1/8
   346 | D:1      | Found Butso's Assorted Antiques.
   896 | D:2      | Noticed a scorpion
   906 | D:2      | Slain by a scorpion

Illustrated notes

Levels and vault maps discovered:
D:1:      erik_arrival_triangle_huge, layout_loops_ring, serial_shops, shop,
          nicolae_shop_hallway_plus, nicolae_shop_stone
D:2:      layout_loops_ring, st_stairs_7, grunt_ministairs_11,
          minmay_statues_item, chequers_serial_rivers_small_3

Action                   || total
-------------------------++-------
 Cast: Magic Dart        ||    25
  Use: Potion            ||     2
Armor: Robe              ||     1
Dodge: Dodged            ||     2
